 Dungeon Crawl Stone Soup version 0.25-a0-316-gd28d56f9c5 (webtiles) character file.

Game seed: 17796827668658018239, levelgen mode: classic

488 Borgoz the Twirler (level 7, 0/46 HPs)
             Began as a Gargoyle Gladiator on Dec 24, 2019.
             Killed by nerve-wracking pain
             ... invoked by an orc priest
              (3 damage)
             ... on level 4 of the Dungeon.
             The game lasted 00:06:20 (3003 turns).

Borgoz the Twirler (Gargoyle Gladiator)             Turns: 3003, Time: 00:06:21

Health: 0/46       AC: 20    Str: 18    XL:     7   Next: 13%
Magic:  7/7        EV:  8    Int: 13    God:
Gold:   222        SH:  0    Dex: 13    Spells: 6/6 levels left

rFire    . . .     SeeInvis .   a - +1 quarterstaff
rCold    . . .     Gourm    .   (shield currently unavailable)
rNeg     + . .     Faith    .   i - +0 plate armour
rPois    ∞         Spirit   .   c - +0 helmet
rElec    +         Reflect  .   (no cloak)
rCorr    .         Harm     .   m - +1 pair of gloves
MR       .....                  (no boots)
Stlth    ..........             (no amulet)
HPRegen  0.15/turn              (no ring)
MPRegen  0.10/turn              (no ring)

@: brilliant, hasted, very quick
A: negative energy resistance 1, electricity resistance, unbreathing,
petrification resistance, rot immunity, AC +4
a: no special abilities


You were on level 4 of the Dungeon.
You were not hungry.

You visited 1 branch of the dungeon, and saw 4 of its levels.

You collected 222 gold pieces.

Inventory:

Hand Weapons
 a - a +1 quarterstaff (weapon)
Armour
 c - a +0 helmet (worn)
 i - a +0 plate armour (worn)
 m - a +1 pair of gloves (worn)
Wands
 s - a wand of random effects (18)
Scrolls
 e - a scroll of magic mapping {unknown}
 g - a scroll of fear {unknown}
 k - 2 scrolls of enchant weapon
 l - 2 scrolls of teleportation
 p - a scroll of amnesia {unknown}
 q - a scroll of enchant armour {unknown}
 r - a scroll of remove curse
Potions
 j - 2 potions of resistance
 n - a potion of lignification {unknown}
Comestibles
 b - 9 chunks of flesh
 f - 6 rations


   Skills:
 + Level 6.0 Fighting
 * Level 7.9 Staves
 - Level 1.7 Throwing
 + Level 5.3 Armour
 * Level 6.5 Dodging


You had 6 spell levels left.
You didn't know any spells.
Your spell library was empty.

Dungeon Overview and Level Annotations

Branches:
Dungeon (4/15)
 Temple: D:4-7

Altars:
Sif Muna

Shops:
D:4 =


Innate Abilities, Weirdness & Mutations

You are resistant to torment.
Your stone body is resilient. (AC +4)
You are immune to poison.
You resist negative energy. (rN+)
You are resistant to electric shocks. (rElec)
You can survive without breathing.
You are immune to petrification.
You are immune to rotting.


Message History

The orc closely misses you.
You closely miss the orc.
The orc is heavily wounded.
The orc priest invokes the aid of Beogh against you.
Beogh smites you!
* * * LOW HITPOINT WARNING * * *
The orc hits you but does no damage.
Your plate armour prevents you from hitting the orc.
The orc is heavily wounded.
Unknown command.
You sock the orc!
You kill the orc!
You hit the orc priest but do no damage.
The orc priest hits you but does no damage.
You closely miss the orc priest. You hit the orc priest.
The orc priest is lightly wounded.
The orc priest mumbles some strange prayers to Beogh against you.
Pain shoots through your body!
You die...

### .######... ..#
.......... #.# ######.##
#.# #.## #.### #.#
########.##
......##.#####...........
.....o..o.÷....####......
#.#....#o##.#..#.......))
###.o#@##.#..#.##..##)#
#..o#.##.#..#.....##)#
#.....##.#..#.#...##.#
#.#.####.#..#.#...##.#
#.#. #.#..#.#...##.# #+#.
..#........##.#
#............
#......#.##.÷
##..........#


You could see an orc priest and an orc.

Vanquished Creatures
  An orc warrior (D:4)
  A hound (D:4)
  An iguana (D:4)
  3 orc wizards (D:4)
  7 gnolls (D:3)
  3 adders
  2 worms (D:2)
  2 dart slugs
  3 leopard geckos
  12 orcs
  2 ball pythons
  5 giant cockroaches
  4 goblins
  4 hobgoblins
  2 quokkas
  7 bats
  2 frilled lizards
  9 kobolds
  2 rats
72 creatures vanquished.

Notes
Turn   | Place    | Note
-------+----------+-------------------------------------------
     0 | D:1      | Borgoz the Gargoyle Gladiator began the quest for the Orb.
     0 | D:1      | Reached XP level 1. HP: 12/12 MP: 1/1
   702 | D:1      | Reached XP level 2. HP: 17/17 MP: 2/2
  1076 | D:2      | Reached XP level 3. HP: 22/22 MP: 3/3
  1110 | D:2      | Reached skill level 1 in Armour
  1549 | D:2      | Reached XP level 4. HP: 27/27 MP: 4/4
  1947 | D:3      | Found a shimmering blue altar of Sif Muna.
  1983 | D:3      | Reached skill level 5 in Fighting
  1983 | D:3      | Reached skill level 7 in Staves
  1983 | D:3      | Reached skill level 5 in Armour
  1983 | D:3      | Reached XP level 5. HP: 15/36 MP: 5/5
  2245 | D:3      | Reached XP level 6. HP: 41/41 MP: 6/6
  2589 | D:4      | Found Fotaebb's Jewellery Shop.
  2966 | D:4      | Noticed an orc warrior
  2993 | D:4      | Killed an orc warrior
  2993 | D:4      | Reached XP level 7. HP: 14/46 MP: 7/7
  2998 | D:4      | HP: 2/46 [orc priest/divine providence (12)]
  3003 | D:4      | Killed from afar by an orc priest

Levels and vault maps discovered:
D:1:      ebering_trefoil_twist, layout_basic, hangedman_decor_diamond_cutter,
          minmay_misc_feat_rows
D:2:      layout_loops_corners, first_ration, grunt_decor_mini_mirrors
D:3:      layout_rooms, led_sif_pool
D:4:      layout_basic, kennysheep_mini, nicolae_overflow_hidden_temple,
          serial_shops, shop

Skill      XL: |  1  2  3  4  5  6 |
---------------+-------------------+-----
Armour         | 1 5 |  5.3
Dodging        | 3 6 |  6.5
Fighting       | 5 6 |  6.0
Staves         | 7 |  7.9
Throwing       | |  1.7

Action                   |  1- 3 |  4- 6 |  7- 9 || total
-------------------------+-------+-------+-------++-------
Melee: Quarterstaff      |   113 |   159 |    10 ||   282
Throw: Throwing net      |       |     3 |       ||     3
  Use: Scroll            |     1 |     6 |       ||     7
       Potion            |       |     4 |       ||     4
  Eat: Chunk             |     2 |     5 |       ||     7
Armor: Leather armour    |     5 |       |       ||     5
       Plate armour      |    93 |    96 |     3 ||   192
Dodge: Dodged            |    35 |    67 |     1 ||   103

Table legend:
 A = Non-vault XP
 B = Vault XP
 C = Vault XP percentage of total XP
 D = Non-vault monster count
 E = Vault monster count
 F = Vault count percentage of total count
                 A         B        C        D         E       F
            +---------+---------+-------+---------+---------+-------
      Total |     574 |       0 |   0.0 |      72 |       0 |   0.0
            +---------+---------+-------+---------+---------+-------
        D:1 |      19 |       0 |   0.0 |      12 |       0 |   0.0
        D:2 |      83 |       0 |   0.0 |      26 |       0 |   0.0
        D:3 |     125 |       0 |   0.0 |      17 |       0 |   0.0
        D:4 |     347 |       0 |   0.0 |      17 |       0 |   0.0
            +---------+---------+-------+---------+---------+-------
